 Dungeon Crawl Stone Soup version 0.26.0-20-g3ca415f5b8 (webtiles) character file.

Game seed: 11636855797984584530

109460 kaeus the Destroyer (level 16, -9/98 HPs)
             Began as a Gargoyle Fire Elementalist on Jan 24, 2021.
             Was the Champion of the Shining One.
             Blown up by an eye of devastation (41 damage)
             ... with a bolt of energy
             ... in a wizard's laboratory.
             The game lasted 00:58:16 (31920 turns).

kaeus the Destroyer (Gargoyle Fire Elementalist)   Turns: 31920, Time: 00:58:17

Health: -9/98      AC: 37    Str: 23    XL:     16   Next: 52%
Magic:  21/30      EV: 16    Int: 21    God:    the Shining One [******]
Gold:   1247       SH: 17    Dex: 14    Spells: 4/35 levels left

rFire    + + +     SeeInvis .   p - +4 hand axe (distort)
rCold    + . .     Faith    .   Q - +6 buckler "Begynab" {Int-2 Dex+4 Slay+6}
rNeg     + + +     Spirit   .   t - +5 ring mail of the Shoals {+Fly Str+2}
rPois    ∞         Reflect  +   I - +2 hat {Int+3}
rElec    +         Harm     .   a - +2 cloak
rCorr    .         Rampage  .   g - +2 pair of gloves
Will     +....                  h - +0 pair of boots of Good Intentions {rF+ rC+}
Stlth    +.........             n - amulet "Ycvolo" {Reflect rF++ SH+5}
HPRegen  0.26/turn              J - +4 ring of protection
MPRegen  0.22/turn              X - +6 ring of strength

@: glowing
A: big wings, mutation resistance 1, negative energy resistance 1, electricity
resistance, unbreathing, petrification resistance, miasma immunity, AC +12
a: Fly, Renounce Religion, Divine Shield, Cleansing Flame, Summon Divine
Warrior, Brand Weapon With Holy Wrath


You were in a wizard's laboratory.
You worshipped the Shining One.
The Shining One was exalted by your worship.
You visited 5 branches of the dungeon, and saw 22 of its levels.
You also visited: Wizlab.

You collected 2573 gold pieces.
You spent 1326 gold pieces at shops.

Inventory:

Hand Weapons
 p - a +4 hand axe of distortion (weapon)
 P - the +8 whip "Snakebite" {curare, rPois}
   (You found it on level 2 of the Lair of Beasts)

   It poisons the flesh of those it strikes.
   It protects you from poison.
Armour
 a - a +2 cloak (worn)
 g - a +2 pair of gloves (worn)
 h - the +0 pair of boots of Good Intentions (worn) {rF+ rC+}
   (You bought it in a shop on level 2 of the Orcish Mines)

   It protects you from fire.
   It protects you from cold.
 t - the +5 ring mail of the Shoals (worn) {+Fly Str+2}
   (You found it on level 8 of the Dungeon)

   It affects your strength (+2).
   It lets you fly.
 I - a +2 hat of intelligence (worn)
 L - +0 swamp dragon scales
 Q - the +6 buckler "Begynab" (worn) {Int-2 Dex+4 Slay+6}
   (You found it on level 3 of the Lair of Beasts)

   It affects your intelligence (-2).
   It affects your dexterity (+4).
   It affects your accuracy and damage with ranged weapons and melee attacks
   (+6).
 T - the +3 buckler "Ihuqufynk" {+Inv Will++ Dex+3}
   (You found it on level 6 of the Lair of Beasts)

   It affects your dexterity (+3).
   It affects your willpower, your defense against some magical effects.
   It lets you turn invisible.
Jewellery
 i - an uncursed amulet of regeneration
 n - the amulet "Ycvolo" (around neck) {Reflect rF++ SH+5}
   (You took it off an orc priest on level 11 of the Dungeon)

   [amulet of reflection]

   It shields you and reflects attacks.
   It greatly protects you from fire.
   It affects your SH (+5).
 o - an uncursed ring of see invisible
 x - an uncursed amulet of the acrobat
 F - a +4 ring of evasion
 J - a +4 ring of protection (left hand)
 X - a +6 ring of strength (right hand)
Wands
 v - a wand of enslavement (11)
 G - a wand of polymorph (21)
 H - a wand of paralysis (15)
 M - a wand of acid (15)
 O - a wand of iceblast (21)
 R - a wand of disintegration (8)
 U - a wand of digging (8)
Scrolls
 b - a scroll of brand weapon {unknown}
 c - 12 scrolls of teleportation
 m - 4 scrolls of fog
 q - 3 scrolls of magic mapping
 s - 7 scrolls of remove curse
 w - 4 scrolls of amnesia
 y - a scroll of blinking {unknown}
 C - 4 scrolls of fear {unknown}
 D - 2 scrolls of immolation
 E - a scroll of enchant armour
 S - a scroll of acquirement {unknown}
 V - a scroll of holy word {unknown}
 W - a scroll of vulnerability {unknown}
 Y - a scroll of identify
Potions
 d - 4 potions of resistance {unknown}
 e - 19 potions of curing
 f - 2 potions of flight
 j - 3 potions of heal wounds
 k - 5 potions of haste
 l - 3 potions of ambrosia {unknown}
 r - 3 potions of lignification {unknown}
 u - 3 potions of might {unknown}
 z - 5 potions of brilliance {unknown}
 A - 3 potions of attraction {unknown}
 K - 5 potions of magic {unknown}
Miscellaneous
 B - a phial of floods
 N - a phantom mirror


   Skills:
 + Level 10.3 Fighting
 + Level 8.7 Axes
 - Level 6.0 Armour
 + Level 8.3 Dodging
 - Level 2.1 Stealth
 + Level 7.4 Shields
 + Level 10.3 Spellcasting
 + Level 13.2 Conjurations
 - Level 4.0 Summonings
 + Level 12.4 Fire Magic
 + Level 8.0 Air Magic
 - Level 2.0 Evocations


You had 4 spell levels left.
You knew the following spells:

 Your Spells              Type           Power        Failure   Level
a - Foxfire               Conj/Fire      100%         1%          1
b - Conjure Flame         Conj/Fire      59%          1%          3
c - Sticky Flame          Conj/Fire      59%          1%          4
d - Fireball              Conj/Fire      29%          1%          5
e - Lightning Bolt        Conj/Air       26%          3%          5
f - Tornado               Air            22%          100%        9
g - Summon Lightning Spi  Summ/Air       36%          8%          4

Your spell library contained the following spells:

 Spells                   Type           Power        Failure   Level
 Searing Ray              Conj           100%         1%          2
 Mephitic Cloud           Conj/Pois/Air  40%          1%          3
 Corpse Rot               Necr/Air       N/A          2%          2
 Poisonous Vapours        Pois/Air       54%          2%          2
 Inner Flame              Hex/Fire       37%          2%          3
 Ignite Poison            Fire/Tmut/Pois 28%          5%          3
 Hailstorm                Conj/Ice       38%          6%          4
 Animate Skeleton         Necr           20%          10%         1
 Freeze                   Ice            40%          10%         1
 Pain                     Necr           40%          10%         1
 Sting                    Tmut/Pois      40%          10%         1
 Confusing Touch          Hex            10%          28%         3
 Frozen Ramparts          Ice            20%          28%         3
 Gell's Gravitas          Tloc           5%           28%         3
 Ozocubu's Armour         Ice            10%          28%         3
 Vampiric Draining        Necr           5%           28%         3
 Summon Ice Beast         Ice/Summ       19%          38%         4
 Animate Dead             Necr           5%           67%         4
 Dispel Undead            Necr           10%          67%         4
 Olgreb's Toxic Radiance  Pois           10%          67%         4
 Petrify                  Tmut/Erth      10%          67%         4
 Iskenderun's Battlesphe  Conj           60%          1%          5
 Bolt of Magma            Conj/Fire/Erth 23%          8%          5
 Conjure Ball Lightning   Conj/Air       26%          19%         6
 Orb of Destruction       Conj           30%          34%         7
 Silence                  Hex/Air        13%          45%         5
 Freezing Cloud           Conj/Ice/Air   20%          61%         6
 Iron Shot                Conj/Erth      19%          67%         6
 Spellforged Servitor     Conj/Summ      23%          93%         7
 Agony                    Necr           10%          95%         5
 Borgnjor's Vile Clutch   Necr/Erth      5%           95%         5
 Metabolic Englaciation   Hex/Ice        5%           95%         5
 Yara's Violent Unravell  Hex/Tmut       5%           95%         5
 Sublimation of Blood     Necr           Unusable     N/A         2

Dungeon Overview and Level Annotations

Branches:
Dungeon (11/15)            Temple (1/1) D:7            Lair (6/6) D:11
  Swamp (0/4) Lair:2        Snake (0/4) Lair:2        Slime (0/5) Lair:6
    Orc (2/2) D:11            Elf (2/3) Orc:2        WizLab (1/1)

Altars:
Ashenzari
Cheibriados
Dithmenos
Elyvilon
Fedhas
Gozag
Hepliaklqana
Kikubaaqudgha
Makhleb
Nemelex Xobeh
Okawaru
Qazlal
Ru
Sif Muna
Trog
Uskayaw
Vehumet
Wu Jian
Xom
Yredelemnul
Zin
The Shining One
Beogh
Jiyva

Shops:
D:7 }   D:8 !   D:11 :*=:   Orc:2 (!:[*

Annotations:
D:6 3 runed translucent doors, runemasterragnar's ghost, novice OgGl
Lair:6 1 runed translucent door
Abyss:1 Myro's ghost, amateur MiMo; Rupert; kaeus's ghost, amateur GrFE


Innate Abilities, Weirdness & Mutations

You are resistant to torment.
Your stone body is resilient. (AC +12)
You are immune to poison.
Your large and strong wings let you fly indefinitely.
You resist negative energy. (rN+)
You are resistant to electric shocks. (rElec)
You can survive without breathing.
You are immune to petrification.
You are immune to miasma.
You are somewhat resistant to further mutation.


Message History

The war gargoyle hits you but does no damage.
You regained 9 hp, and now have 49/98 hp.
You now have 25/30 mp.
You hit the war gargoyle but do no damage.
Space bends around the war gargoyle.
The war gargoyle is almost destroyed.
You hit the eye of devastation.
Space bends around the eye of devastation.
A starcursed mass splits. x2
The war gargoyle hits you with a +4 antimagic morningstar!
You feel your power leaking away.
You take 9 damage, and have 40/98 hp.
You now have 21/30 mp.
You hit the eye of devastation but do no damage.
Space warps horribly around the eye of devastation!
The eye of devastation is almost dead.
You hit the war gargoyle.
The war gargoyle is devoured by a tear in reality.
A chorus of shrieks assaults your mind. The eye of devastation gazes at you.
The bolt of energy hits you!!!
You die...

..## ....## ....
......# ...# ......
#...# ..# #....
##X..#...#
#..8###.X.##...#
...#....'XXX.#.....
......§@'....#....
...#..G§'....#....
#..8###...##..
#.... ##...# ......
#...# ......#
#...## ....##
##....# ..##
##..#..## .##
###.......## ...


You could see 4 starcursed masses, a tentacled starspawn and an eye of
devastation.

Vanquished Creatures
  3 tentacled starspawn (WizLab)
  An orc warlord (Orc:2)
  A war gargoyle (WizLab)
  A stone giant (WizLab)
  2 deep elf death magi
  3 great orbs of eyes (WizLab)
  A boulder beetle (Lair:6)
  2 hydras
  2 two-headed ogres
  7 dancing weapons
  3 orc high priests
  3 deep elf knights (Elf:1)
  An unseen horror (D:9)
  A glowing orange brain (WizLab)
  4 deep elf archers
  A swamp dragon (Lair:6)
  A bog body (Lair:2)
  A necromancer (Elf:1)
  6 orc knights
  4 orc sorcerers
  14 deep elf magi
  A wolf spider (Lair:6)
  4 ugly things
  A manticore (D:11)
  14 elephants
  7 black mambas
  A torpor snail (Lair:2)
  An eye of devastation (WizLab)
  A gargoyle (D:10)
  2 rime drakes (Lair:6)
  13 cane toads
  11 komodo dragons
  9 polar bears
  3 trolls
  3 raiju (Lair:6)
  7 blink frogs (Lair:6)
  Prince Ribbit (D:5)
  4 wyverns
  53 yaks
  A basilisk (shapeshifter) (Elf:1)
  3 water elementals
  3 fire elementals
  A steam dragon (Lair:6)
  2 basilisks (Lair:6)
  A swamp worm (Lair:2)
  3 nagas (Lair:2)
  4 wargs (Lair:6)
  An acid dragon (shapeshifter) (Elf:1)
  An acid dragon (Lair:6)
  Edmund (D:5)
  15 water moccasins
  9 hell hounds (Lair:6)
  3 swamp drakes (Lair:6)
  3 large abominations (Elf:1)
  6 phantoms
  11 black bears
  4 ice beasts
  30 wolves
  2 sky beasts
  13 ogres
  30 orc warriors
  6 centaurs
  An elf zombie (Elf:1)
  2 big kobolds
  7 bullfrogs
  Blork the orc (D:5)
  A wyvern zombie (D:10)
  6 scorpions
  22 killer bees
  An electric eel (Lair:2)
  3 howler monkeys
  A bullfrog zombie (D:7)
  2 centaur zombies
  6 jellies
  28 orc wizards
  14 orc priests
  4 hounds
  4 bullfrog skeletons
  A gnoll shaman (D:5)
  4 iguanas
  9 worker ants
  3 killer bee zombies
  2 hound skeletons
  A howler monkey zombie (D:6)
  24 adders
  7 gnolls
  2 shadow imps (D:10)
  5 white imps
  3 ufetubi
  3 oozes
  4 adder zombies
  3 worms
  3 adder skeletons
  5 dart slugs
  3 leopard geckos
  72 orcs
  A bat skeleton (D:2)
  A bat zombie (D:2)
  8 giant cockroaches
  5 goblins
  8 hobgoblins
  11 jackals
  19 kobolds
  4 quokkas
  7 ball pythons
  8 bats
  8 frilled lizards
  2 jackal skeletons
  A leopard gecko zombie (D:2)
  6 rats
  A butterfly (Lair:6)
  5 starspawn tentacles (WizLab)
703 creatures vanquished.

Vanquished Creatures (collateral kills)
  A deep elf mage (Elf:1)
  28 foxfires
29 creatures vanquished.

Vanquished Creatures (others)
  A deep elf mage (Elf:1)
  A yak (Lair:6)
  A wolf (Lair:2)
  An orc (Orc:2)
  A bush (Lair:6)
  2204 foxfires
  23 fungi
  49 plants
  19 starspawn tentacles (WizLab)
  6 withered plants (D:4)
2306 creatures vanquished.

Grand Total: 3038 creatures vanquished

Notes
Turn   | Place    | Note
-------+----------+-------------------------------------------
     0 | D:1      | kaeus the Gargoyle Fire Elementalist began the quest for
                  | the Orb.
     0 | D:1      | Reached XP level 1. HP: 10/10 MP: 3/3
   233 | D:1      | Reached XP level 2. HP: 15/15 MP: 0/5
   800 | D:1      | Reached skill level 2 in Conjurations
  1235 | D:1      | Reached XP level 3. HP: 19/19 MP: 3/6
  1796 | D:2      | Learned a level 3 spell: Conjure Flame
  2202 | D:2      | Reached XP level 4. HP: 24/24 MP: 7/7
  2456 | D:2      | Reached skill level 3 in Conjurations
  2495 | D:2      | Found a shimmering blue altar of Sif Muna.
  2770 | D:2      | Reached XP level 5. HP: 27/28 MP: 4/9
  3906 | D:3      | Reached skill level 4 in Conjurations
  3906 | D:3      | Reached XP level 6. HP: 32/32 MP: 3/10
  3964 | D:3      | Found a broken altar of Ashenzari.
  4103 | D:3      | Found a faded altar of an unknown god.
  4333 | D:3      | Found a burning altar of Makhleb.
  4376 | D:3      | Learned a level 4 spell: Sticky Flame
  4626 | D:4      | Reached skill level 5 in Fire Magic
  4796 | D:4      | Found a runed translucent gate.
  4796 | D:4      | Found a runed translucent gate.
  4796 | D:4      | Found a runed translucent gate.
  4796 | D:4      | Noticed Myro's ghost (amateur MiMo)
  4797 | D:4      | Noticed kaeus's ghost (amateur GrFE)
  5094 | D:4      | Reached XP level 7. HP: 36/36 MP: 6/12
  5143 | D:4      | Found a shimmering altar of Xom.
  5282 | D:4      | Reached skill level 5 in Conjurations
  5867 | D:5      | Entered Level 5 of the Dungeon
  6127 | D:4      | Reached skill level 6 in Conjurations
  6153 | D:5      | Reached XP level 8. HP: 30/41 MP: 7/13
  6416 | D:5      | Found a hide-covered altar of Uskayaw.
  6453 | D:5      | Noticed Prince Ribbit
  6562 | D:5      | Noticed Edmund
  6573 | D:5      | Killed Edmund
  6757 | D:5      | Killed Prince Ribbit
  6758 | D:5      | Reached skill level 7 in Conjurations
  6821 | D:5      | Found an opulent altar of Gozag.
  6828 | D:5      | Noticed Blork the orc
  6833 | D:5      | Killed Blork the orc
  7205 | D:6      | Reached XP level 9. HP: 45/45 MP: 9/16
  7313 | D:6      | Reached skill level 5 in Spellcasting
  7313 | D:6      | Reached skill level 8 in Conjurations
  7817 | D:6      | Found a hazy altar of Hepliaklqana.
  7901 | D:6      | Found a glowing silver altar of Zin.
  7902 | D:6      | Noticed an angel
  7931 | D:6      | Found a runed translucent gate.
  7932 | D:6      | Found a runed translucent gate.
  7933 | D:6      | Found a runed translucent gate.
  7934 | D:6      | Noticed runemasterragnar's ghost (novice OgGl)
  8254 | D:7      | Found a staircase to the Ecumenical Temple.
  8683 | Temple   | Entered the Ecumenical Temple
  8759 | Temple   | Became a worshipper of the Shining One
  8976 | D:7      | Found Puxzehid's Gadget Shoppe.
  9121 | D:4      | Banished Myro's ghost
  9126 | D:4      | Banished kaeus's ghost
  9212 | D:5      | Learned a level 5 spell: Fireball
  9307 | D:8      | Reached skill level 1 in Fighting
  9371 | D:8      | Reached skill level 9 in Conjurations
  9381 | D:8      | Reached skill level 1 in Armour
  9409 | D:8      | Reached skill level 1 in Axes
  9411 | D:8      | Reached skill level 1 in Evocations
  9451 | D:8      | Reached skill level 1 in Air Magic
  9509 | D:8      | Found a white marble altar of Elyvilon.
  9509 | D:8      | Found a radiant altar of Vehumet.
  9512 | D:8      | Reached XP level 10. HP: 52/52 MP: 16/18
  9783 | D:8      | Got a smoking ring mail
  9784 | D:8      | Identified the +5 ring mail of the Shoals {+Fly Str+2} (You
                  | found it on level 8 of the Dungeon)
  9858 | D:8      | Found Gearuthu's Distillery.
  9866 | D:8      | Bought 2 potions of curing for 78 gold pieces
  9866 | D:8      | Bought a potion of mutation for 104 gold pieces
  9866 | D:8      | Bought a potion of curing for 39 gold pieces
  9866 | D:8      | Bought a potion of heal wounds for 65 gold pieces
  9866 | D:8      | Bought a potion of curing for 39 gold pieces
  9866 | D:8      | Bought 2 potions of heal wounds for 130 gold pieces
  9866 | D:8      | Bought a potion of heal wounds for 65 gold pieces
  9866 | D:8      | Gained mutation: You have a beak for a mouth. [potion of
                  | mutation]
  9866 | D:8      | Gained mutation: Your spells are a little harder to cast,
                  | but a little more powerful. [potion of mutation]
  9867 | D:8      | Lost mutation: Your spells are a little harder to cast, but
                  | a little more powerful. [potion of mutation]
  9867 | D:8      | Lost mutation: You have a beak for a mouth. [potion of
                  | mutation]
  9867 | D:8      | Gained mutation: Your spells are a little harder to cast,
                  | but a little more powerful. [potion of mutation]
  9867 | D:8      | Gained mutation: You have sharp toenails. [potion of
                  | mutation]
  9868 | D:8      | Lost mutation: You have sharp toenails. [potion of
                  | mutation]
  9868 | D:8      | Lost mutation: Your spells are a little harder to cast, but
                  | a little more powerful. [potion of mutation]
  9868 | D:8      | Gained mutation: You are somewhat resistant to further
                  | mutation. [potion of mutation]
 10376 | D:9      | Noticed a two-headed ogre
 10385 | D:9      | Killed a two-headed ogre
 10594 | D:9      | Reached * piety under the Shining One
 10750 | D:9      | Noticed an unseen horror
 10765 | D:9      | Killed an unseen horror
 11025 | D:9      | Got a shimmering robe
 11026 | D:9      | Identified the cursed +0 robe "Usimeik" {Harm Int+2 Slay+3}
                  | (You found it on level 9 of the Dungeon)
 11078 | D:9      | Found a bloodstained altar of Trog.
 11078 | D:9      | Found a sparkling altar of Nemelex Xobeh.
 11278 | D:10     | Entered Level 10 of the Dungeon
 11913 | D:10     | Reached XP level 11. HP: 60/60 MP: 16/20
 12161 | D:10     | Reached ** piety under the Shining One
 12859 | D:10     | Identified the Grimoire of Flying Necromancy
 13076 | D:10     | Reached skill level 10 in Conjurations
 13431 | D:11     | Found a staircase to the Lair.
 13437 | D:11     | Found Baentud's Book Shoppe.
 13495 | D:11     | Reached *** piety under the Shining One
 13539 | D:11     | Noticed a two-headed ogre
 13550 | D:11     | Killed a two-headed ogre
 13615 | D:11     | Identified the amulet "Ycvolo" {Reflect rF++ SH+5}
 13876 | D:11     | Reached skill level 5 in Fighting
 13905 | D:11     | Found Ohainom's Book Shoppe.
 13958 | D:11     | Found Qaump's General Store.
 14010 | D:11     | Reached skill level 5 in Armour
 14015 | D:11     | Noticed a brown ugly thing
 14027 | D:11     | Killed a brown ugly thing
 14050 | D:11     | Reached XP level 12. HP: 59/68 MP: 3/22
 14174 | D:11     | Found a staircase to the Orcish Mines.
 14383 | D:11     | Found Nogaode's Jewellery Shop.
 14509 | D:11     | Found a runed translucent door.
 14676 | D:11     | Reached skill level 10 in Fire Magic
 15001 | D:11     | Found a roughly hewn altar of Beogh.
 15085 | Lair:1   | Entered Level 1 of the Lair of Beasts
 15188 | Lair:1   | Noticed a four-headed hydra
 15201 | Lair:1   | Killed an eight-headed hydra
 16216 | Lair:2   | Reached skill level 5 in Axes
 16218 | Lair:2   | Reached skill level 5 in Dodging
 16541 | Lair:2   | Reached **** piety under the Shining One
 16591 | Lair:2   | Reached skill level 5 in Air Magic
 16634 | Lair:2   | Reached XP level 13. HP: 76/76 MP: 24/24
 16767 | Lair:2   | Reached skill level 11 in Conjurations
 16802 | Lair:2   | Found a shimmering blue altar of Sif Muna.
 17295 | Lair:2   | Found a staircase to the Swamp.
 17568 | Lair:2   | Found a staircase to the Snake Pit.
 17680 | Lair:2   | Found the +8 whip "Snakebite" {curare, rPois}
 19208 | Lair:3   | Got a crude buckler
 19214 | Lair:3   | Identified the +6 buckler "Begynab" {Int-2 Dex+4 Slay+6}
                  | (You found it on level 3 of the Lair of Beasts)
 19508 | Lair:4   | Reached skill level 1 in Shields
 20471 | Lair:5   | Noticed Rupert
 20488 | Lair:5   | Banished Rupert
 21272 | Lair:6   | Entered Level 6 of the Lair of Beasts
 22149 | Lair:5   | Gained mutation: Your large and strong wings let you fly
                  | indefinitely. [Gargoyle growth]
 22149 | Lair:5   | Reached XP level 14. HP: 84/84 MP: 26/26
 22656 | Lair:6   | Reached skill level 12 in Conjurations
 22847 | Lair:6   | Found a runed translucent door.
 22848 | Lair:6   | Found a viscous altar of Jiyva.
 22849 | Lair:6   | Noticed an acid blob
 22850 | Lair:6   | Found a staircase to the Slime Pits.
 22850 | Lair:6   | Noticed an acid blob
 23797 | Lair:6   | Reached ***** piety under the Shining One
 23829 | Lair:6   | Reached skill level 5 in Shields
 23875 | Lair:6   | Got a steaming buckler
 23876 | Lair:6   | Identified the +3 buckler "Ihuqufynk" {+Inv Will++ Dex+3}
                  | (You found it on level 6 of the Lair of Beasts)
 24568 | Lair:6   | Got a twisted robe
 24569 | Lair:6   | Identified the cursed +1 robe of the Wumpus {Int+3 Dex+2}
                  | (You found it on level 6 of the Lair of Beasts)
 24602 | Lair:6   | Reached XP level 15. HP: 77/90 MP: 23/28
 25239 | Orc:1    | Entered Level 1 of the Orcish Mines
 26692 | Orc:2    | Entered Level 2 of the Orcish Mines
 27419 | Orc:2    | Found Leblytes's Assorted Antiques.
 27438 | Orc:2    | Noticed an orc warlord
 27494 | Orc:2    | Killed an orc warlord
 27641 | Orc:2    | Paralysed by an orc sorcerer for 5 turns
 28457 | Orc:2    | Bought a glistering book for 270 gold pieces
 28463 | Orc:2    | Learned a level 5 spell: Lightning Bolt
 28473 | Orc:2    | Learned a level 9 spell: Tornado
 28478 | Orc:2    | Learned a level 4 spell: Summon Lightning Spire
 28678 | Orc:2    | Found a staircase to the Elven Halls.
 28800 | Orc:2    | Found Xiacy's Armour Shoppe.
 28800 | Orc:2    | Found Cauny's Weapon Shop.
 28802 | Orc:2    | Found Paetruna's Distillery.
 28802 | Orc:2    | Found Tozuin's Book Shoppe.
 28814 | Orc:2    | Bought the +0 pair of boots of Good Intentions {rF+ rC+}
                  | for 382 gold pieces
 29288 | Orc:2    | Bought a potion of curing for 33 gold pieces
 29288 | Orc:2    | Bought a potion of curing for 33 gold pieces
 29288 | Orc:2    | Bought a potion of heal wounds for 55 gold pieces
 29288 | Orc:2    | Bought a potion of curing for 33 gold pieces
 29577 | Elf:1    | Entered Level 1 of the Elven Halls
 29848 | Elf:1    | Reached skill level 1 in Summonings
 30665 | Elf:1    | Reached ****** piety under the Shining One
 30702 | Elf:1    | Identified the Compendium of Dark Rituals
 31063 | Elf:2    | Reached skill level 10 in Spellcasting
 31116 | Elf:2    | Reached XP level 16. HP: 97/97 MP: 30/30
 31191 | Elf:2    | Found a magical portal.
 31201 | Elf:2    | Reached skill level 10 in Fighting
 31207 | WizLab   | Entered Lehudib's Moon Base
 31217 | WizLab   | Noticed a tentacled starspawn
 31233 | WizLab   | Killed a tentacled starspawn
 31270 | WizLab   | Reached skill level 13 in Conjurations
 31271 | WizLab   | Paralysed by a great orb of eyes for 7 turns
 31357 | WizLab   | Noticed a tentacled starspawn
 31367 | WizLab   | Killed a tentacled starspawn
 31381 | WizLab   | Noticed a tentacled starspawn
 31387 | WizLab   | Banished a tentacled starspawn
 31434 | WizLab   | Paralysed by a great orb of eyes for 4 turns
 31736 | WizLab   | Noticed a tentacled starspawn
 31738 | WizLab   | Noticed a tentacled starspawn
 31750 | WizLab   | Banished a tentacled starspawn
 31751 | WizLab   | Killed a tentacled starspawn
 31903 | WizLab   | Noticed a tentacled starspawn
 31908 | WizLab   | Banished a tentacled starspawn
 31913 | WizLab   | Noticed a tentacled starspawn
 31920 | WizLab   | Blown up by an eye of devastation

Illustrated notes

Levels and vault maps discovered:
D:1:      psy_arrival_statuary, layout_loops_ring, serial_bayou,
          serial_bayou_ford_a, serial_bayou_crossing, serial_bayou_shore_b,
          serial_bayou_shore_b, serial_bayou_shore_a, serial_bayou_pond_b,
          roderic_roman_lattice
D:2:      wander_river, layout_basic, lemuel_round_altar, serial_undead,
          serial_undead_d, serial_undead_a, serial_undead_a, serial_undead_c,
          serial_undead_c, serial_undead_b, minmay_snake_closets
D:3:      layout_loops_cross, lemuel_coloured_pillars_altar,
          overflow_temple_1_default, chequers_ecumenical_altar_simple
D:4:      layout_loops_corners, tgw_xom, gammafunk_ghost_cemetery
D:5:      layout_rooms, eat_drink_and_be_merry_uskayaw,
          nicolae_gozag_cash_rules_everything_around_me, uniq_blork_the_orc,
          uniq_prince_ribbit1, uniq_edmund
D:6:      layout_basic, zin_angel, nzn_hepliaklqana_mist_gate,
          ebering_ghost_rock_garden, st_stairs_11
D:7:      layout_basic, minmay_temple_entry_gardened_gates, serial_shops, shop
D:8:      layout_basic, amethyst_overflow_temple_binary, serial_shops, shop,
          st_stairs_9
D:9:      layout_cave_pools, gammafunk_temple_overflow_wave,
          minmay_misc_feat_cross
D:10:     minmay_inner_zag, layout_basic, special_room [special_room_bee]
D:11:     layout_big_octagon, lair_entry_dummy, david_orc_4, serial_shops,
          nicolae_shop_waterfront, shop_statue, shop, shop, serial_park_tiny_1,
          lightli_church_of_beogh
Temple:   cyrus_temple_forest
Lair:1:   layout_regular_city, minmay_hedge_maze, grunt_megastairs_1
Lair:2:   minmay_guarded_unrand_snakebite, layout_layer_cave,
          nicolae_swamp_entry_splash_gauntlet,
          minmay_snake_entry_guardpost_large, basic_altar, grunt_megastairs_5
Lair:3:   layout_cave_shapes, st_stairs_8
Lair:4:   layout_gridlike, infiniplex_staircase_pool, lemuel_fruit_tree
Lair:5:   layout_cave_pods, uniq_rupert
Lair:6:   guppyfry_lair_end_dragon, layout_regular_city,
          hangedman_lair_caniforms_friends, slime_altar_2,
          chequers_serial_rivers_micro_b, lemuel_fruit_fields
Orc:1:    layout_diamond_mine
Orc:2:    grunt_orc_tribal_feast, layout_caves, nicolae_volcano_entry_lava_flow,
          serial_shops, nicolae_shop_overgrown_old_shop
Elf:1:    eino_elf_arrival_sip, layout_loops_corners, minmay_elf_necromancy
Elf:2:    layout_onion_city, mu_enter_wizlab_4, grunt_ministairs_10, st_stairs_2
WizLab:   wizlab_lehudib

Skill      XL: |  1  2  3  4  5  6  7  8  9 10 11 12 13 14 15 16 |
---------------+-------------------------------------------------+-----
Conjurations   | 2 3 4 6 7 9 10 11 12 13 | 13.2
Fire Magic     | 4 5 6 7 8 9 10 11 12 | 12.4
Spellcasting   | 3 4 5 6 7 8 9 10 | 10.3
Fighting       | 1 3 5 6 8 9 10 | 10.3
Armour         | 1 3 5 6 |  6.0
Axes           | 1 2 4 5 6 7 8 |  8.7
Dodging        | 2 3 4 5 6 7 8 |  8.3
Evocations     | 1 2 |  2.0
Air Magic      | 1 2 3 5 6 7 8 |  8.0
Shields        | 3 5 6 7 |  7.4
Summonings     | 3 4 |  4.0
Stealth        | |  2.1

Action                   |  1- 3 |  4- 6 |  7- 9 | 10-12 | 13-15 | 16-18 || total
-------------------------+-------+-------+-------+-------+-------+-------++-------
Melee: Dagger            |    71 |    84 |       |       |       |       ||   155
       Hand axe          |       |    27 |   189 |   428 |   888 |   117 ||  1649
 Cast: Foxfire           |    66 |   155 |   212 |   364 |   645 |     5 ||  1447
       Conjure Flame     |       |       |     2 |     5 |     5 |     1 ||    13
       Sticky Flame      |       |       |       |     6 |     6 |       ||    12
       Fireball          |       |       |       |     8 |    15 |     1 ||    24
       Summon Lightning  |       |       |       |       |     3 |       ||     3
       Lightning Bolt    |       |       |       |       |     2 |       ||     2
  Use: Scroll            |     2 |     6 |     4 |     5 |     9 |     1 ||    27
       Potion            |       |       |       |     7 |     6 |     1 ||    14
Armor: Robe              |    55 |    25 |       |       |       |       ||    80
       Leather armour    |       |    26 |    89 |     6 |       |       ||   121
       Ring mail         |       |       |       |   305 |   359 |    32 ||   696
Dodge: Dodged            |   107 |    84 |   123 |   494 |   510 |    24 ||  1342
Block: Other             |       |       |       |    69 |     3 |       ||    72
       Reflection        |       |       |       |     2 |    25 |     3 ||    30
       Buckler           |       |       |       |       |   599 |    53 ||   652
